 Dungeon Crawl Stone Soup version 0.29.0-4-gdea44cf6ec (webtiles) character file.

Game seed: 3497701302448827030

86 qw the Chopper (level 4, -6/26 HPs)
             Began as a Tengu Warper on Aug 28, 2022.
             Killed from afar by Ijyb (9 damage)
             ... with a puff of flame
             ... on level 3 of the Dungeon.
             The game lasted 00:00:11 (2620 turns).

qw the Chopper (Tengu Warper)                       Turns: 2620, Time: 00:00:12

Health: -6/26      AC:  9    Str: 13    XL:     4   Next: 50%
Magic:  8/8        EV:  6    Int: 14    God:
Gold:   143        SH:  0    Dex: 13    Spells: 7/7 levels left

rFire   . . .      SeeInvis .   Y - +0 hand axe
rCold   . . .      Faith    .   (no shield)
rNeg    . . .      Spirit   .   h - +0 chain mail of Qetol {rPois}
rPois   +          Reflect  .   (helmet restricted)
rElec   .          Harm     .   g - +0 cloak
rCorr   .          Rampage  .   (no gloves)
Will    .....                   (boots unavailable)
Stlth   ..........              (no amulet)
HPRegen 0.08/turn               (no ring)
MPRegen 0.11/turn               (no ring)

@: no status effects
A: beak, talons 3
a: no special abilities


You were on level 3 of the Dungeon.
You visited 1 branch of the dungeon, and saw 3 of its levels.

You collected 143 gold pieces.


Innate Abilities, Weirdness & Mutations

You have a beak for a mouth.
You have claws for feet.


   Skills:
 - Level 2.0 Fighting
 - Level 5.0 Axes
 - Level 1.0 Throwing
 + Level 1.2 Armour
 - Level 2.1 Dodging
 - Level 2.0 Spellcasting
 - Level 2.4 Translocations


You had 7 spell levels left.
You didn't know any spells.
Your spell library contained the following spells:

 Spells                   Type           Power      Damage    Failure   Level
 Blink                    Tloc           16%        N/A       99%         2
 Gell's Gravitas          Tloc           8%         N/A       100%        3
 Lesser Beckoning         Tloc           8%         N/A       100%        3
 Teleport Other           Tloc           8%         N/A       100%        3
 Manifold Assault         Tloc           8%         N/A       100%        5

Inventory:

Hand Weapons
 e - a +0 club
 Y - a +0 hand axe (weapon)
Armour
 g - a +0 cloak (worn)
 h - the +0 chain mail of Qetol (worn) {rPois}
   (You found it on level 2 of the Dungeon)

   rPois:     It protects you from poison.
Potions
 a - a potion of curing {unknown}
 f - a potion of magic {unknown}

Dungeon Overview and Level Annotations

Branches:
Dungeon (3/15)

Altars:

Shops:
D:1 :

Annotations:
D:3 Ijyb


Message History

Ijyb the Twisted Goblin comes into view.
She is wielding a +2 dagger of speed and carrying a wand of flame (24).
Ijyb shouts!
Ijyb barely misses you.
You hit Ijyb. Your kick misses Ijyb. You peck Ijyb, but do no damage.
Ijyb is lightly wounded.
Ijyb hits you but does no damage.
You hit Ijyb. You peck Ijyb.
Ijyb is moderately wounded.
Ijyb hits you with a +2 dagger of speed.
Ijyb zaps a wand.
The puff of flame misses you.
You hit Ijyb but do no damage.
Ijyb is moderately wounded.
Ijyb zaps a wand.
The puff of flame hits you!
You hit Ijyb but do no damage.
Ijyb is moderately wounded.
Ijyb hits you with a +2 dagger of speed.
You closely miss Ijyb.
Ijyb is moderately wounded.
Ijyb hits you with a +2 dagger of speed.
Ijyb hits you but does no damage.
You hit Ijyb but do no damage. Your kick misses Ijyb.
Ijyb is moderately wounded.
Ijyb hits you but does no damage.
You closely miss Ijyb. Your peck misses Ijyb.
Ijyb is moderately wounded.
Ijyb hits you but does no damage. Ijyb barely misses you.
You closely miss Ijyb.
Ijyb is moderately wounded.
Ijyb hits you but does no damage.
You hit Ijyb but do no damage. You claw Ijyb.
Ijyb is moderately wounded.
Ijyb hits you with a +2 dagger of speed.
Ijyb zaps a wand.
The puff of flame hits you.
You barely miss Ijyb. You claw Ijyb.
Ijyb is moderately wounded.
Ijyb barely misses you.
You closely miss Ijyb. You claw Ijyb, but do no damage.
Ijyb is moderately wounded.
Ijyb zaps a wand.
The puff of flame hits you!
You die...

#. ..# #.# . #.#
.. #.# ... #.#
.... #.########
$.... +.@g......
......#.########
#..............#
#.####...#####.#
#....<..#.#
##..#.#.#.#
.....# #.#
...#######....#
#.## ........
..... #..#


You could see Ijyb.

Vanquished Creatures
  4 adders (D:2)
  A dart slug (D:1)
  6 endoplasms
  4 goblins (D:1)
  6 hobgoblins
  6 jackals
  2 kobolds (D:1)
  4 quokkas
  3 ball pythons
  2 bats (D:1)
  2 frilled lizards
  5 rats
45 creatures vanquished.

Notes
Turn   | Place    | Note
-------+----------+-------------------------------------------
     0 | D:1      | qw the Tengu Warper began the quest for the Orb.
     0 | D:1      | Reached XP level 1. HP: 12/12 MP: 4/4
     0 | D:1      | 0 ||| qw: Version: 0.1-a-89-g26bdef1
     0 | D:1      | 0 ||| qw: Game counter: 2794
     0 | D:1      | 0 ||| qw: Always use a shield: true
     0 | D:1      | 0 ||| qw: God list: Okawaru
     0 | D:1      | 0 ||| qw: Allow faded altars: false
     0 | D:1      | 0 ||| qw: Do Orc after D:15 true
     0 | D:1      | 0 ||| qw: Do second Lair branch before Depths: true
     0 | D:1      | 0 ||| qw: Lair rune preference: random
     0 | D:1      | 0 ||| qw: Plans: Normal
     0 | D:1      | 0 ||| PLANNING D:1-11
   208 | D:1      | Found Vifauf's Book Boutique.
   211 | D:1      | 211 ||| Stepping ~*~*~tactically~*~*~ (hiding).
   219 | D:1      | Reached skill level 3 in Axes
   219 | D:1      | Reached XP level 2. HP: 15/17 MP: 6/6
   274 | D:1      | 274 ||| Stepping ~*~*~tactically~*~*~ (stealth).
   292 | D:1      | 292 ||| Stepping ~*~*~tactically~*~*~ (stealth).
   494 | D:1      | 494 ||| Stepping ~*~*~tactically~*~*~ (stealth).
  1121 | D:1      | Reached XP level 3. HP: 17/21 MP: 7/7
  1221 | D:1      | 1221 ||| Stepping ~*~*~tactically~*~*~ (stealth).
  1223 | D:1      | 1223 ||| Stepping ~*~*~tactically~*~*~ (stealth).
  1373 | D:1      | 1373 ||| UPGRADING to +0 cloak.
  1378 | D:1      | 1378 ||| DROPPING amulet of faith.
  1379 | D:1      | 1379 ||| DROPPING scroll of blinking.
  1517 | D:2      | Reached skill level 4 in Axes
  2037 | D:2      | Reached XP level 4. HP: 26/26 MP: 8/8
  2125 | D:2      | 2125 ||| Stepping ~*~*~tactically~*~*~ (stealth).
  2215 | D:2      | 2215 ||| Stepping ~*~*~tactically~*~*~ (stealth).
  2338 | D:2      | Identified the +0 chain mail of Qetol {rPois}
  2383 | D:2      | Reached skill level 5 in Axes
  2387 | D:2      | 2387 ||| Stepping ~*~*~tactically~*~*~ (stealth).
  2390 | D:2      | 2390 ||| Stepping ~*~*~tactically~*~*~ (stealth).
  2411 | D:2      | 2411 ||| Stepping ~*~*~tactically~*~*~ (stealth).
  2414 | D:2      | 2414 ||| Stepping ~*~*~tactically~*~*~ (stealth).
  2445 | D:2      | 2445 ||| UPGRADING to +0 chain mail of Qetol {rPois}.
  2455 | D:2      | 2455 ||| DROPPING +0 leather armour.
  2456 | D:2      | 2456 ||| READING scroll labelled VAYCUERASI.
  2457 | D:2      | 2457 ||| READING scroll labelled POUGEFI CALA.
  2522 | D:3      | Found a faded altar of an unknown god.
  2608 | D:3      | Noticed Ijyb
  2618 | D:3      | HP: 6/26 [Ijyb/+2 dagger of speed (4)]
  2620 | D:3      | Killed from afar by Ijyb

Levels and vault maps discovered:
D:1:      dpeg_arrival_rhombus, layout_basic, serial_shops, shop,
          hangedman_decor_riveting
D:2:      layout_basic
D:3:      layout_basic, basic_ecumenical_altar, uniq_ijyb

Skill      XL: |  1  2  3  4 |
---------------+-------------+-----
Axes           | 3 4 5 |  5.0
Fighting       | |  2.0
Throwing       | |  1.0
Armour         | |  1.2
Dodging        | |  2.1
Spellcasting   | |  2.0
Translocations | |  2.4

Action                   |  1- 3 |  4- 6 || total
-------------------------+-------+-------++-------
Melee: Hand axe          |    83 |    33 ||   116
       Kick              |    20 |    10 ||    30
       Peck              |    11 |     4 ||    15
Throw: Boomerang         |     7 |       ||     7
  Use: Scroll            |       |     2 ||     2
Armor: Leather armour    |    29 |     4 ||    33
       Chain mail        |       |     5 ||     5
Dodge: Dodged            |    53 |    11 ||    64

Table legend:
 A = Non-vault XP
 B = Vault XP
 C = Vault XP percentage of total XP
 D = Non-vault monster count
 E = Vault monster count
 F = Vault count percentage of total count
                 A         B        C        D         E       F
            +---------+---------+-------+---------+---------+-------
      Total |     124 |       0 |   0.0 |      45 |       0 |   0.0
            +---------+---------+-------+---------+---------+-------
        D:1 |      41 |       0 |   0.0 |      24 |       0 |   0.0
        D:2 |      79 |       0 |   0.0 |      19 |       0 |   0.0
        D:3 |       4 |       0 |   0.0 |       2 |       0 |   0.0
            +---------+---------+-------+---------+---------+-------
